 Dungeon Crawl Stone Soup version 0.29-a0-317-gd16b76e6b1 (webtiles) character file.

Game seed: 15505049064210580748

21934 Bnni the Carver (level 12, -1/113 HPs)
             Began as a Demonspawn Fighter on Mar 31, 2022.
             Was a Priest of Qazlal.
             Slain by a two-headed ogre
             ... wielding a +0 giant spiked club
              (19 damage)
             ... on level 11 of the Dungeon.
             The game lasted 00:34:47 (15145 turns).

Bnni the Carver (Demonspawn Fighter)               Turns: 15145, Time: 00:34:48

Health: -1/113     AC: 12    Str: 22      XL:     12   Next: 58%
Magic:  19/20      EV:  7    Int: 10 (11) God:    Qazlal [***...]
Gold:   636        SH:  9    Dex: 12 (13) Spells: 11/11 levels left

rFire   + + .      SeeInvis .   P - +0 scimitar (elec)
rCold   . . .      Faith    .   c - +0 buckler
rNeg    + . .      Spirit   .   q - +2 chain mail {rF+}
rPois   .          Reflect  .   (helmet restricted)
rElec   +          Harm     .   v - +0 cloak
rCorr   +          Rampage  .   a - +0 pair of gloves
Will    .....                   M - +0 pair of boots of Medwueps {rF++ rC- rN+ rCorr}
Stlth   ..........              (no amulet)
HPRegen 0.28/turn               z - ring of Jairoid {rElec Int+6}
MPRegen 0.17/turn               O - ring of ice

@: no status effects
A: antennae 2, icy blue scales 1, demonic guardian 2, foul stench 1, deformed
body, deterioration 1, dopey 2, sense surroundings 1, robust 1, MP-powered wands
a: Renounce Religion, Upheaval, Elemental Force


You were on level 11 of the Dungeon.
You worshipped Qazlal.
Qazlal was most pleased with you.
You visited 2 branches of the dungeon, and saw 13 of its levels.
You also visited: Gauntlet.

You collected 846 gold pieces.
You spent 210 gold pieces at shops.

Inventory:

Hand Weapons
 H - a +2 vorpal trident
 I - the +9 fustibalus of Terra Cotta {vorpal, rElec rPois rCorr Int-4}
   (You found it on level 11 of the Dungeon)

   Any ammunition fired from it inflicts extra damage upon your enemies.
   Int:       It affects your intelligence (-4).
   rElec:     It insulates you from electricity.
   rPois:     It protects you from poison.
   rCorr:     It protects you from acid and corrosion.
 L - a +0 vampiric scimitar
 P - a +0 scimitar of electrocution (weapon)
Missiles
 m - 14 curare-tipped darts (quivered)
 A - 2 throwing nets
Armour
 a - a +0 pair of gloves (worn)
 c - a +0 buckler (worn)
 q - a +2 chain mail of fire resistance (worn)
 v - a +0 cloak (worn)
 J - the +1 pair of gloves "Rixescheu" {rF- Str+7}
   (You found it on level 11 of the Dungeon)

   Str:       It affects your strength (+7).
   rF:        It makes you vulnerable to fire.
 M - the +0 pair of boots of Medwueps (worn) {rF++ rC- rN+ rCorr}
   (You found it in a Gauntlet)

   rF:        It greatly protects you from fire.
   rC:        It makes you vulnerable to cold.
   rN:        It protects you from negative energy.
   rCorr:     It protects you from acid and corrosion.
Jewellery
 e - a ring of flight
 f - a +4 ring of protection
 n - a ring of willpower
 p - a +4 ring of evasion
 z - the ring of Jairoid (left hand) {rElec Int+6}
   (You took it off a skeletal warrior on level 11 of the Dungeon)

   [ring of intelligence]

   Int:       It affects your intelligence (+6).
   rElec:     It insulates you from electricity.
 O - a ring of ice (right hand)
Wands
 d - a wand of digging (13)
 i - a wand of charming (8)
 y - a wand of polymorph (10)
 D - a wand of flame (17)
Scrolls
 k - 5 scrolls of enchant armour
 s - a scroll of amnesia
 u - a scroll of fear
 x - a scroll of enchant weapon
 E - 3 scrolls of teleportation
 F - a scroll of silence
 K - a scroll of identify
 N - 3 scrolls of blinking
Potions
 b - 7 potions of heal wounds
 g - 2 potions of flight
 h - 2 potions of might
 j - 8 potions of curing
 l - 2 potions of attraction
 o - 2 potions of brilliance
 r - 2 potions of resistance {unknown}
 w - a potion of haste {unknown}
 B - 2 potions of berserk rage
 C - a potion of ambrosia
Miscellaneous
 G - a phantom mirror (inert)
 Q - a tin of tremorstones (2/2)


   Skills:
 + Level 12.9 Fighting
 - Level 14.0 Long Blades
 - Level 2.6 Armour
 - Level 2.6 Shields
 + Level 10.7 Invocations


You had 11 spell levels left.
You didn't know any spells.
Your spell library contained the following spells:

 Spells                   Type           Power      Damage    Failure   Level
 Freeze                   Ice            0%         1d3       99%         1
 Shock                    Conj/Air       0%         1d3       99%         1
 Sting                    Tmut/Pois      0%         1d3       99%         1
 Ensorcelled Hibernation  Hex/Ice        0%         N/A       100%        2
 Passwall                 Tmut/Erth      0%         N/A       100%        2
 Poisonous Vapours        Pois/Air       0%         N/A       100%        2
 Dazzling Flash           Conj/Hex       0%         N/A       100%        3
 Frozen Ramparts          Ice            0%         1d2       100%        3
 Lesser Beckoning         Tloc           0%         N/A       100%        3
 Ozocubu's Armour         Ice            0%         N/A       100%        3
 Swiftness                Air            0%         N/A       100%        3
 Tukima's Dance           Hex            0%         N/A       100%        3
 Fulminant Prism          Conj/Hex       0%         3d6       100%        4
 Hailstorm                Conj/Ice       0%         3d3       100%        4
 Iskenderun's Mystic Bla  Conj/Tloc      0%         2d3       100%        4
 Olgreb's Toxic Radiance  Pois           0%         N/A       100%        4
 Passage of Golubria      Tloc           0%         N/A       100%        4
 Fireball                 Conj/Fire      0%         3d3       100%        5
 Iskenderun's Battlesphe  Conj           0%         2d6       100%        5
 Lee's Rapid Deconstruct  Erth           0%         3d5*      100%        5
 Summon Forest            Summ/Tloc      0%         N/A       100%        5
 Yara's Violent Unravell  Hex/Tmut       0%         3d3       100%        5
 Conjure Ball Lightning   Conj/Air       0%         3x3d6     100%        6
 Malign Gateway           Summ/Tloc      0%         N/A       100%        7
 Orb of Destruction       Conj           0%         9d5       100%        7
 Ozocubu's Refrigeration  Ice            0%         4d5       100%        7


Dungeon Overview and Level Annotations

Branches:
Dungeon (12/15)            Temple (1/1) D:7            Lair (0/6) D:9
    Orc (0/2) D:10        Gauntlet (visited)

Altars:
Ashenzari
Cheibriados
Dithmenos
Elyvilon
Fedhas
Gozag
Hepliaklqana
Kikubaaqudgha
Makhleb
Nemelex Xobeh
Okawaru
Qazlal
Ru
Sif Muna
Trog
Uskayaw
Vehumet
Wu Jian
Xom
Yredelemnul
Zin
The Shining One

Shops:
D:5 =   D:12 (

Portals:
Abyss: D:5

Annotations:
D:12 Lodul


Innate Abilities, Weirdness & Mutations

You have a pair of antennae on your head.
You are partially covered in icy blue scales. (AC +2)
A demonic guardian rushes to your aid.
You may rarely emit foul miasma when damaged in melee.
Armour fits poorly on your strangely shaped body.
Your body sometimes deteriorates upon taking damage.
You are very dopey. (Int -4)
You passively map a small area around you.
You are robust. (+10% HP)
You expend magic power (3 MP) to strengthen your wands.


Message History

You see here 4 large rocks.
A two-headed ogre is nearby!
There is a stone staircase leading up here.
You start resting.
A two-headed ogre is nearby!
You climb upwards.
There is a stone staircase leading down here.
You start resting.
HP restored.
You climb downwards.
The two-headed ogre hits you with a +0 giant spiked club!!
You block the two-headed ogre's attack.
There is a stone staircase leading up, spattered with blood here.
You slash the two-headed ogre!
The two-headed ogre is moderately wounded.
The two-headed ogre hits you with a +0 giant spiked club. x2
You block the two-headed ogre's attack.
The two-headed ogre hits you with a +0 giant spiked club!!
You slash the two-headed ogre!
Lightning courses through the two-headed ogre!
The two-headed ogre is heavily wounded.
You slash the two-headed ogre!
The two-headed ogre is almost dead.
The two-headed ogre barely misses you.
The two-headed ogre completely misses you.
The two-headed ogre hits you with a +0 giant spiked club!!
The two-headed ogre barely misses you.
You hit the two-headed ogre.
The two-headed ogre is almost dead.
You slash the two-headed ogre!
You kill the two-headed ogre!
Qazlal accepts your kill.
The two-headed ogre hits you with a +0 giant spiked club!!
* * * LOW HITPOINT WARNING * * *
Your body deteriorates!
You feel dopey.
A demonic guardian appears!
The two-headed ogre closely misses you.
You feel your dexterity returning.
The two-headed ogre attacks as you move away!
The two-headed ogre hits you with a +0 giant spiked club!!
You die...

..#####..........................
....##...#.(.###.#...........###.
........#........#...........# #.
...#....#..................### #.
..........................## ##O
..##.............###..##### ###..
.........#....3..##..##### ##...#
.................O..##...# #..###
..##......###...@#..##...###.####
.............#.#)#..##...O...##..
..##.....###.#.#....##...######(.
).##########.#.###.......# #..
..# #.........##...# #.. ###
#.........##...# ### #
#.........##.(.# #
#.........###### # #.........#


You could see a two-headed ogre (ally target) and a friendly sixfirhy
(summoned).

Vanquished Creatures
  A dire elephant (Gauntlet)
  A minotaur (Gauntlet)
  Harold (D:9)
  2 centaur warriors
  4 two-headed ogres
  Pikel (D:7)
  The ghost of Shavain the Shooter, a novice DrHu of Hepliaklqana (D:7)
  A shining eye (Gauntlet)
  4 cyclopes
  2 centaur zombies (D:10)
  Maurice (D:10)
  An unseen horror (D:7)
  A minotaur zombie (Gauntlet)
  A komodo dragon (D:11)
  The ghost of Ijustatesigmund the Skirmisher, a novice GrWn (D:5)
  A kobold demonologist (D:12)
  A troll (D:10)
  A polar bear (D:12)
  3 hornets
  A tarantella (shapeshifter) (Gauntlet)
  A centaur simulacrum (D:12)
  A slime creature (D:11)
  3 wraiths
  A wyvern (D:9)
  7 yaks
  A golden eye (Gauntlet)
  5 steam dragons
  A small abomination (D:5)
  2 water moccasins
  2 orc warriors
  A sky beast (D:6)
  2 ice beasts
  An ogre (D:7)
  A wolf (D:12)
  2 lemures
  4 centaurs
  A phantom (D:7)
  7 kobold brigands
  Blork the orc (D:5)
  A bullfrog (D:6)
  A necrophage (D:4)
  4 scorpions
  A wight (D:9)
  7 killer bees
  4 howler monkeys
  An electric eel (D:12)
  2 jellies (D:4)
  4 orc priests
  2 hounds
  Jessica (D:2)
  Terence (D:2)
  3 iguanas
  Natasha (thrice) (D:2)
  8 orc wizards
  8 adders
  A gnoll (D:5)
  2 shadow imps
  7 white imps
  2 ufetubi
  4 dart slugs
  40 orcs
  4 endoplasms
  6 giant cockroaches
  5 hobgoblins
  28 kobolds
  A quokka (D:3)
  A ball python (D:1)
  A bat (D:1)
  A frilled lizard (D:3)
  9 goblins
  7 rats
244 creatures vanquished.

Vanquished Creatures (collateral kills)
  A hydra (D:12)
  An ogre mage (D:11)
  A two-headed ogre (D:11)
  A skeletal warrior (D:11)
  An ugly thing (D:11)
  An elephant (Gauntlet)
  A polar bear (D:12)
  A vampire (D:12)
  A yak (D:9)
  An ice beast (D:6)
  A centaur (D:5)
  A lemure (D:8)
  An iguana (D:5)
  A white imp (D:12)
  An orc (D:9)
  A kobold (D:9)
16 creatures vanquished.

Vanquished Creatures (others)
  An orc wizard (D:8)
  2 fungi (Gauntlet)
  10 plants (Gauntlet)
  14 withered plants (Gauntlet)
27 creatures vanquished.

Grand Total: 287 creatures vanquished

Notes
Turn   | Place    | Note
-------+----------+-------------------------------------------
     0 | D:1      | Bnni the Demonspawn Fighter began the quest for the Orb.
     0 | D:1      | Reached XP level 1. HP: 18/18 MP: 1/1
    32 | D:1      | Reached skill level 2 in Long Blades
   445 | D:1      | Gained mutation: You are partially covered in icy blue
                  | scales. (AC +2) [demonic ancestry]
   445 | D:1      | Reached XP level 2. HP: 22/24 MP: 2/2
  1040 | D:2      | Gained mutation: You have a pair of small antennae on your
                  | head. [demonic ancestry]
  1040 | D:2      | Reached XP level 3. HP: 28/29 MP: 3/3
  1095 | D:2      | Reached skill level 3 in Long Blades
  1105 | D:2      | Noticed Terence
  1138 | D:2      | Killed Terence
  1324 | D:2      | Noticed Natasha
  1334 | D:2      | Killed Natasha
  1335 | D:2      | Reached XP level 4. HP: 34/37 MP: 4/4
  1395 | D:2      | Noticed Jessica
  1403 | D:2      | Killed Jessica
  1409 | D:2      | Noticed Natasha
  1437 | D:2      | Killed Natasha
  1438 | D:2      | Reached skill level 4 in Long Blades
  1438 | D:2      | Reached XP level 5. HP: 38/42 MP: 5/5
  1553 | D:2      | Noticed Natasha
  1571 | D:2      | Killed Natasha
  1740 | D:2      | Found a stormy altar of Qazlal.
  1758 | D:2      | Found a faded altar of an unknown god.
  1771 | D:2      | Prayed at the altar of an unknown god.
  1771 | D:2      | Became a worshipper of Qazlal Stormbringer
  1771 | D:2      | Reached * piety under Qazlal
  2401 | D:3      | Found a burning altar of Makhleb.
  2402 | D:3      | Noticed an angel
  2402 | D:3      | Noticed an Executioner
  2751 | D:3      | Gained mutation: You may rarely emit foul miasma when
                  | damaged in melee. [demonic ancestry]
  2751 | D:3      | Reached XP level 6. HP: 49/49 MP: 6/6
  2896 | D:4      | Reached skill level 5 in Long Blades
  3040 | D:4      | Reached skill level 5 in Fighting
  3602 | D:4      | Gained mutation: A weak demonic guardian rushes to your
                  | aid. [demonic ancestry]
  3602 | D:4      | Reached XP level 7. HP: 56/56 MP: 7/7
  3647 | D:4      | Reached ** piety under Qazlal
  3735 | D:4      | Reached skill level 6 in Long Blades
  4085 | D:5      | Entered Level 5 of the Dungeon
  4492 | D:5      | Found a transporter.
  4502 | D:5      | Noticed Ijustatesigmund's ghost (novice GrWn)
  4504 | D:5      | Found a one-way gate to the infinite horrors of the Abyss.
  4518 | D:5      | Noticed a small abomination
  4603 | D:5      | Killed Ijustatesigmund's ghost
  4604 | D:5      | Reached skill level 7 in Long Blades
  4604 | D:5      | Reached XP level 8. HP: 23/64 MP: 8/8
  4861 | D:5      | Found a transporter.
  4865 | D:5      | Got Lugonu's Reference Book on the Compass
  5219 | D:5      | Noticed Blork the orc
  5232 | D:5      | Killed Blork the orc
  5371 | D:5      | Reached skill level 8 in Long Blades
  5628 | D:5      | Found Exaith's Jewellery Emporium.
  6258 | D:6      | Reached skill level 9 in Long Blades
  6336 | D:6      | Gained mutation: A demonic guardian rushes to your aid.
                  | [demonic ancestry]
  6336 | D:6      | Reached XP level 9. HP: 72/72 MP: 9/9
  6453 | D:6      | Reached *** piety under Qazlal
  6715 | D:6      | Found an ornate altar of the Wu Jian Council.
  7137 | D:7      | Found a staircase to the Ecumenical Temple.
  7165 | Temple   | Entered the Ecumenical Temple
  7480 | D:7      | Noticed Shavain's ghost (novice DrHu)
  7483 | D:7      | Found a runed translucent door.
  7515 | D:7      | Paralysed by a hornet for 1 turns
  7534 | D:7      | Reached skill level 10 in Long Blades
  7727 | D:7      | Killed an unseen horror
  7885 | D:7      | Killed Shavain's ghost
  8275 | D:8      | Noticed Pikel
  8306 | D:7      | Killed Pikel
  8307 | D:7      | Reached skill level 11 in Long Blades
  8307 | D:7      | Gained mutation: You have a pair of antennae on your head.
                  | [demonic ancestry]
  8307 | D:7      | Reached XP level 10. HP: 67/83 MP: 10/10
  8517 | D:8      | Identified the +0 leather armour of the Hidden Vale
                  | {Rampage rN+ Dex+4}
  8903 | D:9      | Found a staircase to the Lair.
  9531 | D:9      | Reached **** piety under Qazlal
  9721 | D:9      | Reached skill level 12 in Long Blades
  9967 | D:9      | Noticed Harold
  9985 | D:9      | Killed Harold
  9986 | D:9      | Reached skill level 10 in Fighting
 10118 | D:9      | Found a bloodstained altar of Trog.
 10219 | D:9      | Found an opulent altar of Gozag.
 10393 | D:10     | Entered Level 10 of the Dungeon
 10461 | D:10     | Reached skill level 1 in Invocations
 10483 | D:10     | Found a blossoming altar of Fedhas.
 10487 | D:10     | Found a snail-covered altar of Cheibriados.
 10630 | D:10     | Found a basalt altar of Yredelemnul.
 10739 | D:10     | Reached XP level 11. HP: 91/91 MP: 12/12
 10759 | D:10     | Noticed Maurice
 10773 | D:10     | Killed Maurice
 10984 | D:10     | Noticed a two-headed ogre
 10992 | D:10     | Killed a two-headed ogre
 11252 | D:10     | Found a staircase to the Orcish Mines.
 11628 | D:11     | Reached skill level 13 in Long Blades
 11631 | D:11     | Noticed a two-headed ogre
 11900 | D:10     | Killed a two-headed ogre
 11922 | D:11     | Reached skill level 5 in Invocations
 11991 | D:11     | Noticed a brown ugly thing
 11992 | D:11     | Noticed an ogre mage
 11993 | D:11     | Noticed a centaur warrior
 11998 | D:11     | Noticed a centaur warrior
 12159 | D:10     | Killed a centaur warrior
 12171 | D:11     | Killed a centaur warrior
 12178 | D:11     | Killed an ogre mage
 12180 | D:11     | Killed a brown ugly thing
 12210 | D:11     | Identified the +10 flail of Dijen {antimagic, Fragile rF+
                  | Dex+3}
 12219 | D:11     | Identified the +3 great mace of Ikletaewn {pain, Contam
                  | rPois rN+++ Stlth+}
 12237 | D:11     | Noticed a two-headed ogre
 12246 | D:11     | Killed a two-headed ogre
 12267 | D:11     | Reached skill level 14 in Long Blades
 12315 | D:11     | Identified the ring of Jairoid {rElec Int+6}
 12315 | D:11     | Noticed a skeletal warrior
 12350 | D:11     | Killed a skeletal warrior
 12656 | D:11     | Identified the +9 fustibalus of Terra Cotta {vorpal, rElec
                  | rPois rCorr Int-4}
 12670 | D:11     | Identified the +1 pair of gloves "Rixescheu" {rF- Str+7}
 12824 | D:11     | Reached XP level 12. HP: 51/100 MP: 17/17
 13282 | D:12     | Found Rovav's Weapon Shop.
 13364 | D:12     | Bought a +0 vampiric scimitar for 210 gold pieces
 13423 | D:12     | Noticed a six-headed hydra
 13438 | D:12     | Killed a seven-headed hydra
 13531 | D:12     | Found a gate leading to a gauntlet.
 13542 | Gauntlet | Entered a Gauntlet
 13542 | Gauntlet | Found a transporter.
 13822 | Gauntlet | Found a transporter.
 13831 | Gauntlet | Found a transporter.
 13836 | Gauntlet | Found a transporter.
 13851 | Gauntlet | Found a transporter.
 13870 | Gauntlet | Noticed a quicksilver ooze
 13871 | Gauntlet | Found a transporter.
 13883 | Gauntlet | Found a transporter.
 13893 | Gauntlet | Noticed a dire elephant
 13895 | Gauntlet | Found a transporter.
 13907 | Gauntlet | Found a transporter.
 13919 | Gauntlet | Found a transporter.
 13936 | Gauntlet | Found a transporter.
 13953 | Gauntlet | Found a transporter.
 13955 | Gauntlet | Found a transporter.
 13983 | Gauntlet | Found a transporter.
 13985 | Gauntlet | Found a transporter.
 13987 | Gauntlet | Found a transporter.
 14017 | Gauntlet | Found a transporter.
 14019 | Gauntlet | Found a transporter.
 14068 | Gauntlet | Gained mutation: Armour fits poorly on your strangely
                  | shaped body. [a shining eye]
 14070 | Gauntlet | Gained mutation: Your body sometimes deteriorates upon
                  | taking damage. [a shining eye]
 14072 | Gauntlet | Gained mutation: You are dopey. (Int -2) [a shining eye]
 14075 | Gauntlet | Gained mutation: You are weak. (Str -2) [a shining eye]
 14076 | Gauntlet | Gained mutation: You have hidden genetic potential. [a
                  | shining eye]
 14083 | Gauntlet | Gained mutation: You are very dopey. (Int -4) [a shining
                  | eye]
 14124 | Gauntlet | Got the Catalogue of Mutagenic Confrontation
 14216 | Gauntlet | Lost mutation: You have hidden genetic potential. [potion
                  | of mutation]
 14216 | Gauntlet | Lost mutation: You are weak. (Str -2) [potion of mutation]
 14216 | Gauntlet | Gained mutation: You expend magic power (3 MP) to
                  | strengthen your wands. [potion of mutation]
 14216 | Gauntlet | Gained mutation: You are robust. (+10% HP) [potion of
                  | mutation]
 14216 | Gauntlet | Gained mutation: You passively map a small area around you.
                  | [potion of mutation]
 14221 | Gauntlet | Identified the +0 pair of boots of Medwueps {rF++ rC- rN+
                  | rCorr}
 14247 | Gauntlet | Killed a dire elephant
 14296 | Gauntlet | Noticed a minotaur
 14311 | Gauntlet | Killed a minotaur
 14312 | Gauntlet | Reached skill level 10 in Invocations
 14681 | D:12     | Noticed a two-headed ogre
 14688 | D:12     | Noticed a two-headed ogre
 14689 | D:12     | Noticed a two-headed ogre
 14690 | D:12     | Killed a two-headed ogre
 14691 | D:12     | Noticed Lodul
 14695 | D:12     | Noticed a two-headed ogre
 15144 | D:11     | Killed a two-headed ogre
 15145 | D:11     | Slain by a two-headed ogre

Illustrated notes

Levels and vault maps discovered:
D:1:      minmay_arrival_three_doors, layout_basic, minmay_misc_feat_alley,
          minmay_misc_feat_diagonals
D:2:      layout_loops_ring, basic_altar, shapermc_ecumenical_altar_pompeii,
          uniq_jessica, uniq_natasha, uniq_terence
D:3:      layout_basic, grunt_temple_overflow_order_and_chaos_2,
          minmay_misc_feat_chi, kennysheep_generic_room_5
D:4:      layout_basic
D:5:      layout_basic, gammafunk_ghost_abyssal_escape, serial_shops,
          nicolae_shop_hallway_plus, uniq_blork_the_orc
D:6:      layout_cave_pods, nicolae_wu_jian_immortal_techniques,
          serial_column_ruins, column_ruins_columns_corner, column_ruins_grid_1,
          column_ruins_corridor_T, column_ruins_open_small,
          column_ruins_corridor_dead_end, minmay_hedge_maze
D:7:      layout_rooms, mainiacjoe_overflow_cross_hatched,
          minmay_temple_entry_mist, hellmonk_ghost_happy_afterlife
D:8:      layout_basic, chequers_avenue, uniq_pikel
D:9:      wad_river_or_something, layout_long_grid, trog_hazing_becter,
          mainiacjoe_overflow_boulevard, dpeg_oklobed_lair, chequers_garden,
          uniq_harold
D:10:     cheibrodos_steamvent, layout_loops_ring,
          lemuel_zombie_altar_yredelemnul, mainiacjoe_overflow_catwalk_spiral,
          orc_0_dummy, uniq_maurice
D:11:     layout_rooms, minmay_the_grid_square_5x5_3x3_mashed
          [minmay_the_grid_square_5x5_three_small,
          minmay_the_grid_square_5x5_six,
          minmay_the_grid_square_5x5_two_walls_a,
          minmay_the_grid_square_5x5_shrine2,
          minmay_the_grid_square_5x5_megaprize_crossed,
          minmay_the_grid_square_5x5_c,
          minmay_the_grid_square_5x5_inverted_slash,
          minmay_the_grid_square_5x5_almost_minimal,
          minmay_the_grid_square_5x5_shuriken]
D:12:     layout_cave_pools, gauntlet_entry_generic, gammafunk_ghost_hydra_chop,
          serial_ice, serial_ice_e, serial_ice_j, serial_ice_b, serial_ice_f,
          serial_shops, nicolae_shop_bloodbath_and_beyond,
          amcnicky_mini_rare_corridor_liquid, uniq_lodul
Temple:   nicolae_temple_figure_eight

Skill      XL: |  1  2  3  4  5  6  7  8  9 10 11 12 |
---------------+-------------------------------------+-----
Long Blades    | 2 3 4 5 7 9 11 12 14 | 14.0
Fighting       | 4 5 6 7 9 10 11 12 | 12.9
Invocations    | 2 7 10 | 10.7
Armour         | |  2.6
Shields        | |  2.6

Action                   |  1- 3 |  4- 6 |  7- 9 | 10-12 || total
-------------------------+-------+-------+-------+-------++-------
Melee: Short sword       |   111 |    59 |   111 |       ||   281
       Long sword        |    14 |       |       |       ||    14
       Dagger            |       |   124 |    98 |       ||   222
       Scimitar          |       |       |   250 |   556 ||   806
Throw: Dart              |     1 |       |       |     8 ||     9
       Throwing net      |       |       |       |    11 ||    11
Invok: Elemental Force   |       |       |       |     3 ||     3
       Upheaval          |       |       |       |     6 ||     6
Evoke: Wand              |       |       |       |     3 ||     3
       Phantom mirror    |       |       |       |     1 ||     1
  Use: Potion            |     1 |       |     2 |     5 ||     8
       Scroll            |       |       |    15 |     9 ||    24
 Stab: Distracted        |       |       |     1 |     1 ||     2
Armor: Scale mail        |    41 |       |       |       ||    41
       Chain mail        |     1 |    93 |   198 |   200 ||   492
       Skin              |       |       |       |     2 ||     2
Dodge: Dodged            |    64 |    73 |   186 |   210 ||   533
       Repelled          |       |       |       |     1 ||     1
Block: Buckler           |    32 |    49 |   131 |   238 ||   450

Table legend: (Time is in decaauts)
 A = Elapsed time spent in this place.
 B = Non-inter-level travel time spent in this place.
 C = Inter-level travel time spent in this place.
 D = Time resting spent in this place.
 E = Time spent auto-exploring this place.
 F = Levels seen in this place.
 G = Mean time per level.
                   A        B        C        D        E       F      G
               +--------+--------+--------+--------+--------+-----+--------+
         Total |  15045 |  14704 |    341 |   2764 |   9027 |  14 | 1074.6 |
       Dungeon |  13684 |  13362 |    322 |   2216 |   8716 |  12 | 1140.3 |
        Temple |    291 |    272 |     19 |      0 |    269 |   1 |  291.0 |
      Gauntlet |   1069 |   1069 |      0 |    548 |     42 |   1 | 1069.0 |
               +--------+--------+--------+--------+--------+-----+--------+

Top non-repeatable levels by time:
    D:10: 1807 daAuts
     D:5: 1606 daAuts
     D:9: 1487 daAuts
    D:11: 1478 daAuts
     D:6: 1279 daAuts
     D:4: 1278 daAuts
     D:2: 1202 daAuts
Gauntlet: 1069 daAuts
     D:1: 966 daAuts
     D:7: 878 daAuts
     D:3: 731 daAuts
     D:8: 646 daAuts
    D:12: 320 daAuts
  Temple: 291 daAuts
